 Dungeon Crawl Stone Soup version 0.26-a0-631-ged93497179 (webtiles) character file.

Game seed: 13043745874154238421

205 Drevant2 the Chopper (level 5, -1/47 HPs)
             Began as a Draconian Chaos Knight on Sept 13, 2020.
             Was a Plaything of Xom.
             Slain by Grinder (2 damage)
             ... on level 3 of the Dungeon.
             The game lasted 00:05:43 (3375 turns).

Drevant2 the Chopper (Draconian Chaos Knight)       Turns: 3375, Time: 00:05:43

Health: -1/47      AC:  5    Str: 16    XL:     5   Next: 53%
Magic:  5/5        EV: 12    Int: 10    God:    Xom [......]
Gold:   121        SH:  0    Dex: 10    Spells: 4/4 levels left

rFire    . . .     SeeInvis .   a - +1 hand axe (chaos)
rCold    . . .     Faith    .   (no shield)
rNeg     . . .     Spirit   .   (armour unavailable)
rPois    .         Reflect  .   (helmet restricted)
rElec    .         Harm     .   (no cloak)
rCorr    .         Rampage  .   (no gloves)
MR       .....                  (no boots)
Stlth    +.........             (no amulet)
HPRegen  0.00/turn              (no ring)
MPRegen  0.09/turn              (no ring)

@: stab
A: unfitting armour, blurry vision 1, dopey 1, inhibited regeneration,
cold-blooded, AC +5
a: Renounce Religion


You were on level 3 of the Dungeon.
You worshipped Xom.
You were a very special plaything of Xom.
You visited 1 branch of the dungeon, and saw 3 of its levels.

You collected 121 gold pieces.

Inventory:

Hand Weapons
 a - a +1 hand axe of chaos (weapon)
 e - a +3 short sword
Jewellery
 g - a +6 ring of dexterity
 m - a +4 ring of protection {unknown}
 p - an uncursed amulet of guardian spirit {unknown}
 q - an uncursed ring of see invisible {unknown}
Wands
 l - a wand of paralysis (5)
Scrolls
 b - a scroll of immolation {unknown}
 c - 6 scrolls of identify
 d - a scroll of amnesia
 f - 2 scrolls of enchant weapon
 h - 2 scrolls of remove curse
 k - a scroll of fog {unknown}


   Skills:
 + Level 4.3 Fighting
 + Level 5.1 Axes
 + Level 2.9 Dodging
 + Level 0.9 Stealth


You had 4 spell levels left.
You didn't know any spells.
Your spell library was empty.

Dungeon Overview and Level Annotations

Branches:
Dungeon (3/15)

Altars:
Xom

Annotations:
D:3 Grinder


Innate Abilities, Weirdness & Mutations

Your plain brown scales are hard. (AC +5)
You cannot fit into any form of body armour.
You are cold-blooded and may be slowed by cold attacks.
Scrolls take you a little longer to read.
You are dopey. (Int -2)
You do not regenerate when monsters are visible.


Message History

Grinder hits you!
You writhe in agony.
* * * LOW HITPOINT WARNING * * *
You barely miss Grinder.
Grinder is lightly wounded.
Grinder is no longer moving slowly.
You completely miss Grinder. You tail-slap Grinder.
Grinder is lightly wounded.
Grinder hits you!
* * * LOW HITPOINT WARNING * * *
You writhe in agony.
* * * LOW HITPOINT WARNING * * *
You closely miss Grinder.
Grinder is lightly wounded.
Grinder gestures at you. You resist with significant effort.
You closely miss Grinder.
Grinder is lightly wounded.
Grinder hits you.
You die...
Xom snickers!

#.# #+##.##.#
#..#.#
##.#.####### #
#.#.....#8###8##
#...###.........
##..# #.......Y.
#..# #.........
##># #.#8###8##
### #@#######
#.5.....#
#######.# #.# #
#.# .## #.# Y.8#
#.##...#
#...5..#
########


You could see Grinder.

Vanquished Creatures
  2 orc priests (D:3)
  Natasha (thrice) (D:2)
  An adder (D:2)
  2 worms (D:2)
  A dart slug (D:1)
  A leopard gecko (D:1)
  3 orcs (D:3)
  4 giant cockroaches
  12 hobgoblins
  4 bats
  7 goblins
  9 kobolds
  5 rats
54 creatures vanquished.

Notes
Turn   | Place    | Note
-------+----------+-------------------------------------------
     0 | D:1      | Drevant2 the Draconian Chaos Knight began the quest for the
                  | Orb.
     0 | D:1      | Reached XP level 1. HP: 19/19 MP: 1/1
   159 | D:1      | XOM: noise
   167 | D:1      | XOM: noise
   174 | D:1      | XOM: 2-stop teleportation journey
   182 | D:1      | Reached XP level 2. HP: 20/26 MP: 2/2
   617 | D:1      | XOM: god gift: 3 scrolls labeled IPA YCHU WIA {god gift}
   814 | D:1      | Reached XP level 3. HP: 23/33 MP: 3/3
  1122 | D:1      | XOM: scenery: create altars
  1405 | D:2      | Noticed Natasha
  1414 | D:2      | Killed Natasha
  1414 | D:2      | Reached skill level 4 in Axes
  1416 | D:2      | Reached XP level 4. HP: 22/40 MP: 4/4
  1671 | D:2      | XOM: polymorph hobgoblin -> bat
  1674 | D:2      | XOM: god gift: brass wand {god gift}
  1802 | D:2      | Noticed Natasha
  1815 | D:2      | Killed Natasha
  2121 | D:2      | XOM: stat loss: -1 Dex (9/10)
  2344 | D:2      | XOM: give mutations
  2344 | D:2      | Gained mutation: Scrolls take you a little longer to read.
                  | [Xom's mischief]
  2344 | D:2      | Gained mutation: You are dopey. (Int -2) [Xom's mischief]
  2344 | D:2      | Gained mutation: You do not regenerate when monsters are
                  | visible. [Xom's mischief]
  2394 | D:2      | XOM: torment (21/40 hp)
  2721 | D:2      | Noticed Natasha
  2728 | D:2      | Killed Natasha
  2819 | D:3      | Reached XP level 5. HP: 46/46 MP: 5/5
  2864 | D:3      | XOM: butterfly on damage
  2872 | D:3      | Reached skill level 5 in Axes
  3307 | D:3      | XOM: silly message
  3342 | D:3      | Noticed Grinder
  3342 | D:3      | Paralysed by Grinder for 6 turns
  3348 | D:3      | Noticed a sky beast
  3373 | D:3      | HP: 1/47 [Grinder (6)]
  3375 | D:3      | Slain by Grinder

Illustrated notes

Levels and vault maps discovered:
D:1:      dpeg_arrival_pond, layout_loops_cross, roderic_lattice_a
D:2:      layout_loops_ring, serial_rivers, chequers_serial_rivers_small_3,
          chequers_serial_rivers_micro_d, chequers_serial_rivers_micro_c,
          chequers_serial_rivers_small_3, chequers_serial_rivers_micro_a,
          chequers_serial_rivers_micro_b, kennysheep_generic_room_5,
          uniq_natasha
D:3:      layout_basic, serial_corexii_hall, corexii_hall_statues_x,
          chequers_hall_statues_wall_a,
          nicolae_gozag_cash_rules_everything_around_me, uniq_grinder

Skill      XL: |  1  2  3  4  5 |
---------------+----------------+-----
Fighting       | 4 |  4.3
Axes           | 4 5 |  5.1
Dodging        | |  2.9
Stealth        | |  0.9

Action                   |  1- 3 |  4- 6 || total
-------------------------+-------+-------++-------
Melee: Hand axe          |    88 |    62 ||   150
       Tailslap          |     6 |     7 ||    13
  Use: Scroll            |     1 |     3 ||     4
       Potion            |       |     4 ||     4
 Stab: Paralysed         |     1 |       ||     1
Armor: Skin              |    29 |    32 ||    61
Dodge: Dodged            |    59 |    43 ||   102

Table legend: (Time is in decaauts)
 A = Elapsed time spent in this place.
 B = Non-inter-level travel time spent in this place.
 C = Inter-level travel time spent in this place.
 D = Time resting spent in this place.
 E = Time spent auto-exploring this place.
 F = Levels seen in this place.
 G = Mean time per level.
                   A        B        C        D        E       F      G
               +--------+--------+--------+--------+--------+-----+--------+
         Total |   3418 |   3350 |     68 |   1273 |   1715 |   3 | 1139.3 |
       Dungeon |   3418 |   3350 |     68 |   1273 |   1715 |   3 | 1139.3 |
               +--------+--------+--------+--------+--------+-----+--------+

Top non-repeatable levels by time:
     D:2: 1580 daAuts
     D:1: 1283 daAuts
     D:3: 554 daAuts
